 Dungeon Crawl Stone Soup version 0.22-a0-422-g9628fc8 (webtiles) character file.

143 4thArraOfDagon the Magician (level 5, -4/35 HPs)
             Began as a Mummy Fire Elementalist on May 16, 2018.
             Was an Initiate of Ru.
             Slain by a phantom (8 damage)
             ... on level 4 of the Dungeon.
             The game lasted 00:02:04 (662 turns).

4thArraOfDagon the Magician (MuFE)                   Turns: 662, Time: 00:02:05

Health: -4/35      AC:  2    Str: 12    XL:     5   Next: 4%
Magic:  4/10       EV: 12    Int: 15    God:    Ru [......]
Gold:   68         SH:  0    Dex: 12    Spells: 3/11 levels left

rFire    x . .     SeeInvis .   b - +0 dagger (venom)
rCold    + . .     Gourm    .   (no shield)
rNeg     + + +     Faith    .   a - +0 robe
rPois    ∞         Spirit   .   (no helmet)
rElec    .         Reflect  .   (no cloak)
rCorr    .         Harm     .   (no gloves)
MR       .....                  (no boots)
Stlth    ++........             (no amulet)
HPRegen  0.11/turn              (no ring)
MPRegen  0.12/turn              (no ring)

@: no status effects
A: no food or potions, fire vulnerability, cold resistance 1, negative energy
resistance 3, torment resistance, unbreathing
a: Renounce Religion


You were on level 4 of the Dungeon.
You worshipped Ru.
Ru was noncommittal.
You were not hungry.

You visited 1 branch of the dungeon, and saw 4 of its levels.

You collected 68 gold pieces.

Inventory:

Hand Weapons
 b - a +0 dagger of venom (weapon)
Armour
 a - a +0 robe (worn)


   Skills:
 - Level 1.5 Dodging
 - Level 1.5 Stealth
 + Level 3.7 Spellcasting
 * Level 2.5 Conjurations
 * Level 3.5 Fire Magic


You had 3 spell levels left.
You knew the following spells:

 Your Spells              Type           Power        Failure   Level  Hunger
a - Flame Tongue          Conj/Fire      ##...        5%          1    N/A
b - Conjure Flame         Conj/Fire      ##......     16%         3    N/A
c - Sticky Flame          Conj/Fire      ##......     47%         4    N/A

Your spell library contained the following spells:

 Spells                   Type           Power        Failure   Level  Hunger
 Fireball                 Conj/Fire      ##........   83%         5    N/A
 Throw Flame              Conj/Fire      ##....       9%          2    N/A
 Inner Flame              Hex/Fire       #.......     26%         3    N/A

Dungeon Overview and Level Annotations

Branches:
Dungeon (4/15)
 Temple: D:4-7

Altars:
Ashenzari
Cheibriados
Ru


Innate Abilities, Weirdness & Mutations

You do not eat or drink.
Your flesh is vulnerable to fire.
You are immune to poison.
Your flesh is cold resistant. (rC+)
You are immune to negative energy. (rN+++)
You are immune to unholy pain and torment.
You can survive without breathing.


Message History

Confirm with . or Enter, or press ? or * to list all spells.
Aiming: Flame Tongue (safe; 5% risk of failure)
Press: ? - help, Shift-Dir - straight line, f - phantom
Aim: a phantom
Okay, then.
Unknown command.
Casting: Flame Tongue (safe; 5% risk of failure)
Confirm with . or Enter, or press ? or * to list all spells.
Aiming: Flame Tongue (safe; 5% risk of failure)
Press: ? - help, Shift-Dir - straight line, f - orc priest
Aim: an orc priest, wielding a club and wearing a leather armour The flame tongue misses the orc priest.
The phantom closely misses you.
Unknown command.
Casting: Flame Tongue (safe; 5% risk of failure)
Confirm with . or Enter, or press ? or * to list all spells.
Aiming: Flame Tongue (safe; 5% risk of failure)
Press: ? - help, Shift-Dir - straight line, f/p - orc priest
Aim: an orc priest, wielding a club and wearing a leather armour The flame tongue misses the orc priest.
The phantom hits you!
You die...

#...........#
#...........#
#...........#
####........#
##.....%..####
............)..#
.##########.oo.#
#§§§W# #§.@.#
#.§§.# #....#
#....# #....#
######


You could see a phantom, an orc priest and an orc.

Vanquished Creatures
  A scorpion (D:4)
  A howler monkey (D:4)
  An orc wizard (D:4)
  An adder (D:3)
  A dart slug (D:3)
  3 bats
  2 goblins
  A hobgoblin (D:2)
  2 kobolds
  3 quokkas
  3 frilled lizards
  3 rats
22 creatures vanquished.

Notes
Turn   | Place    | Note
-------+----------+-------------------------------------------
     0 | D:1      | 4thArraOfDagon the Mummy Fire Elementalist began the quest for the Orb.
     0 | D:1      | Reached XP level 1. HP: 13/13 MP: 4/4
    70 | D:1      | Reached skill level 1 in Conjurations
   109 | D:2      | Reached XP level 2. HP: 10/19 MP: 3/5
   173 | D:2      | Found a shattered altar of Ashenzari.
   210 | D:2      | Found a sacrificial altar of Ru.
   265 | D:2      | Became a worshipper of Ru the Awakened
   381 | D:3      | Found a snail-covered altar of Cheibriados.
   416 | D:3      | Reached XP level 3. HP: 14/24 MP: 3/7
   421 | D:3      | Learned a level 3 spell: Conjure Flame
   458 | D:4      | Noticed a scorpion
   464 | D:4      | Killed a scorpion
   464 | D:4      | Reached XP level 4. HP: 10/30 MP: 7/9
   484 | D:4      | Learned a level 4 spell: Sticky Flame
   629 | D:4      | Noticed a phantom
   657 | D:4      | Reached XP level 5. HP: 4/35 MP: 5/10
   662 | D:4      | Slain by a phantom

Vault maps used:
D:1:      lightli_arrival_farm, hangedman_abyss_or_decor_stabs
D:2:      lemuel_crystal_altar, hangedman_ru_absence
D:3:      kennysheep_slug_shrine, first_ration
D:4:      temple_statues

Skill      XL: |  1  2  3 |
---------------+----------+-----
Conjurations   | 1 2 |  2.5
Spellcasting   | 3 |  3.7
Fire Magic     | 3 |  3.5
Dodging        | |  1.5
Stealth        | |  1.5

Action                   |  1- 3 |  4- 6 || total
-------------------------+-------+-------++-------
Melee: Dagger            |    26 |     1 ||    27
 Cast: Flame Tongue      |    17 |     7 ||    24
  Use: Scroll            |       |     2 ||     2
 Stab: Sleeping          |     1 |       ||     1
Armor: Robe              |     6 |       ||     6
Dodge: Dodged            |    23 |     4 ||    27

Table legend:
 A = Spawn XP
 B = Non-spawn XP
 C = Spawn XP percentage of total XP
 D = Spawn monster count
 E = Non-spawn monster count
 F = Spawn count percentage of total count
 G = Total turns spent on level
                    A         B        C        D         E        F      G
               +---------+---------+-------+---------+---------+-------+---------
         Total |       0 |     205 |   0.0 |       0 |      22 |   0.0 |   662
               +---------+---------+-------+---------+---------+-------+---------
           D:1 |       0 |       7 |   0.0 |       0 |       4 |   0.0 |    81
           D:2 |       0 |      14 |   0.0 |       0 |      10 |   0.0 |   196
           D:3 |       0 |      22 |   0.0 |       0 |       5 |   0.0 |   174
           D:4 |       0 |     162 |   0.0 |       0 |       3 |   0.0 |   211
               +---------+---------+-------+---------+---------+-------+---------
